 Dungeon Crawl Stone Soup version 0.18-a0-1677-g2bdad6c (webtiles) character file.

420 Oddball22 the Skirmisher (level 7, -3/57 HPs)
             Began as a Formicid Fighter on Apr 2, 2016.
             Slain by a gnoll
             ... wielding a +0 halberd
              (5 damage)
             ... on level 4 of the Dungeon.
             The game lasted 00:09:39 (2925 turns).

Oddball22 the Skirmisher (Formicid Fighter)         Turns: 2925, Time: 00:09:39

Health: -3/57      AC:  8    Str: 28    XL:     7   Next: 16%
Magic:  7/7        EV:  8    Int:  7    God:
Gold:   162        SH: 10    Dex: 10    Spells: 0 memorised, 6 levels left

rFire  . . .     SeeInvis +     a - +0 long sword
rCold  . . .     Gourm    .     b - +0 scale mail
rNeg   + . .     Faith    .     c - +0 shield
rPois  .         Spirit   .     (helmet unavailable)
rElec  .         Dismiss  .     q - +0 cloak
rCorr  .         Reflect  .     (no gloves)
SustAt .         Harm     .     (no boots)
MR     .....                    g - amulet of regeneration
Stlth  ..........               h - ring of loudness (curse)
                                e - ring of positive energy

@: mighty, not resistant to hostile enchantments, extremely unstealthy
A: permanent stasis, dig shafts and tunnels, four strong arms, antennae 3,
mutation resistance 1
a: Dig, Shaft Self


You were on level 4 of the Dungeon.
You were hungry.

You visited 1 branch of the dungeon, and saw 4 of its levels.

You collected 162 gold pieces.

Inventory:

Hand Weapons
 a - a +0 long sword (weapon)
 p - a +2 dagger of protection
Armour
 b - a +0 scale mail (worn)
 c - a +0 shield (worn)
 q - a +0 cloak (worn)
Jewellery
 e - a ring of positive energy (left hand)
 g - an amulet of regeneration (around neck)
 h - a cursed ring of loudness (right hand)
 w - an uncursed ring of positive energy
Wands
 r - a wand of lightning (10/15)
 x - a wand of polymorph (10/24)
 y - a wand of polymorph (11/24)
Scrolls
 j - 6 scrolls of identify {unknown}
 k - 2 scrolls of enchant weapon {unknown}
 l - 3 scrolls of teleportation {unknown}
 n - 2 scrolls of fog {unknown}
 t - a scroll of blinking {unknown}
 v - 4 scrolls of remove curse {unknown}
 B - a scroll of amnesia {unknown}
Comestibles
 f - 3 bread rations
 m - 4 meat rations
 s - 3 chunks of flesh
 u - 2 slices of pizza


   Skills:
 * Level 5.6 Fighting
 + Level 3.6 Long Blades
 + Level 4.5 Armour
 + Level 5.4 Shields


You had 6 spell levels left.
You didn't know any spells.

Dungeon Overview and Level Annotations

Branches:
Dungeon (4/15)
 Temple: D:4-7

Altars:
Ashenzari
Gozag
Pakellas
Xom


Innate Abilities, Weirdness & Mutations

You are under a permanent stasis effect.
You can dig through walls and to a lower floor.
Your four strong arms can wield two-handed weapons with a shield.
You have a pair of large antennae on your head (SInv).
You are somewhat resistant to further mutation.


Message History

The gnoll closely misses you.
You barely miss the gnoll. You block the gnoll's attack. x3
You slice the gnoll!!
You kill the gnoll!
You block the gnoll's attack. The gnoll hits you with a halberd.
* * * LOW HITPOINT WARNING * * *
Things that are here:
a club; a giant club; a gnoll corpse You hit the gnoll.
The gnoll is heavily wounded.
You block the gnoll's attack.
You closely miss the gnoll.
The gnoll is heavily wounded.
The gnoll hits you with a halberd!
* * * LOW HITPOINT WARNING * * *
You hit the gnoll.
The gnoll is heavily wounded.
The gnoll hits you with a halberd.
You die...

. .#### #...# #...## ##
#####...+. #..
#...#...#. #...
#...#.#.+.
#)...#########...#.###.
+.....@......'.........
#....g##.....#.....##..
#$.... #.....##....##.#
#..... #.....##....##.#
#####. #.....##.......#
#. #.....#####..... #+
####### #...## #.... #


You could see a gnoll.

Vanquished Creatures
  An ogre (D:4)
  A scorpion (D:4)
  An orc priest (D:3)
  Ijyb (D:2)
  3 gnolls
  6 adders
  An ooze (D:3)
  4 worms
  3 dart slugs
  5 giant geckos
  4 orcs (D:3)
  2 ball pythons
  7 giant cockroaches
  7 goblins
  6 hobgoblins
  8 jackals
  10 bats
  4 giant newts
  9 kobolds
  42 rats
125 creatures vanquished.

Notes
Turn   | Place    | Note
--------------------------------------------------------------
     0 | D:1      | Oddball22 the Formicid Fighter began the quest for the Orb.
     0 | D:1      | Reached XP level 1. HP: 18/18 MP: 1/1
   165 | D:1      | Reached XP level 2. HP: 21/24 MP: 2/2
   511 | D:1      | Reached XP level 3. HP: 25/30 MP: 3/3
  1430 | D:2      | Reached XP level 4. HP: 28/37 MP: 4/4
  1476 | D:2      | Noticed Ijyb
  1492 | D:2      | Killed Ijyb
  1560 | D:2      | Reached XP level 5. HP: 43/43 MP: 5/5
  2067 | D:2      | Found an oddly glowing altar of Pakellas.
  2068 | D:2      | Found a shattered altar of Ashenzari.
  2068 | D:2      | Found a shimmering altar of Xom.
  2070 | D:2      | Found an opulent altar of Gozag.
  2123 | D:3      | Reached skill level 5 in Shields
  2305 | D:3      | Reached XP level 6. HP: 49/49 MP: 6/6
  2449 | D:3      | Reached skill level 5 in Fighting
  2791 | D:3      | Found an opulent altar of Gozag.
  2902 | D:4      | Noticed an ogre
  2910 | D:4      | Gained mutation: You are somewhat resistant to further mutation. [potion of mutation]
  2919 | D:4      | Killed an ogre
  2919 | D:4      | Reached XP level 7. HP: 11/56 MP: 7/7
  2924 | D:4      | HP: 2/57 [gnoll/halberd (8)]
  2925 | D:4      | Slain by a gnoll

Vault maps used:
D:1:      tarquinn_simple_flora_water_e
D:2:      minitemple, minmay_rats_cheesy_pizza, uniq_iyjb
D:3:      first_bread, glass_columns_a, hangedman_abyss_or_decor_stabs,
          nicolae_gozag_cash_rules_everything_around_me
D:4:      serial_shops, shop

Skill      XL: |  1  2  3  4  5  6 |
---------------+-------------------+-----
Shields        | 4 5 |  5.4
Fighting       | 4 5 |  5.6
Armour         | 4 |  4.5
Long Blades    | 3 |  3.6

Action                   |  1- 3 |  4- 6 |  7- 9 || total
-------------------------+-------+-------+-------++-------
Melee: Long sword        |   112 |   304 |     5 ||   421
  Use: Potion            |       |     5 |       ||     5
  Eat: Chunk             |     2 |     5 |       ||     7
